 Dungeon Crawl Stone Soup version 0.29.0-4-gdea44cf6ec (webtiles) character file.

Game seed: 2465615620096407828

117 qw the Chopper (level 5, -1/30 HPs)
             Began as a Tengu Warper on Aug 28, 2022.
             Slain by a hobgoblin
             ... wielding a +0 halberd
              (5 damage)
             ... on level 3 of the Dungeon.
             The game lasted 00:00:11 (2473 turns).

qw the Chopper (Tengu Warper)                       Turns: 2473, Time: 00:00:11

Health: -1/30      AC: 10    Str: 13    XL:     5   Next: 1%
Magic:  9/9        EV:  4    Int: 13    God:
Gold:   73         SH:  0    Dex: 14    Spells: 8/8 levels left

rFire   . . .      SeeInvis .   Y - +0 hand axe
rCold   . . .      Faith    .   (no shield)
rNeg    . . .      Spirit   .   e - +0 plate armour
rPois   .          Reflect  .   (helmet restricted)
rElec   .          Harm     .   (no cloak)
rCorr   .          Rampage  .   (no gloves)
Will    .....                   (boots unavailable)
Stlth   ..........              b - amulet of the acrobat
HPRegen 0.10/turn               (no ring)
MPRegen 0.11/turn               (no ring)

@: flying quickly and evasively, quick
A: beak, talons 3, nimble flight
a: no special abilities


You were on level 3 of the Dungeon.
You visited 1 branch of the dungeon, and saw 3 of its levels.

You collected 73 gold pieces.


Innate Abilities, Weirdness & Mutations

You have a beak for a mouth.
You have claws for feet.
Your magical nature lets you fly swiftly and evasively.


   Skills:
 - Level 2.0 Fighting
 + Level 5.2 Axes
 - Level 1.0 Throwing
 - Level 2.0 Armour
 - Level 2.1 Dodging
 - Level 2.0 Spellcasting
 - Level 2.4 Translocations


You had 8 spell levels left.
You didn't know any spells.
Your spell library contained the following spells:

 Spells                   Type           Power      Damage    Failure   Level
 Blink                    Tloc           14%        N/A       100%        2
 Gell's Gravitas          Tloc           7%         N/A       100%        3
 Lesser Beckoning         Tloc           7%         N/A       100%        3
 Teleport Other           Tloc           7%         N/A       100%        3
 Manifold Assault         Tloc           7%         N/A       100%        5

Inventory:

Hand Weapons
 a - a +0 flail
 Y - a +0 hand axe (weapon)
Armour
 e - a +0 plate armour (worn)
Jewellery
 b - an amulet of the acrobat (around neck)
Scrolls
 c - 2 scrolls of identify
Potions
 d - a potion of mutation {unknown}
 f - 3 potions of flight {unknown}
 h - a potion of curing
 i - a potion of lignification {unknown}

Dungeon Overview and Level Annotations

Branches:
Dungeon (3/15)

Altars:


Message History

2460 ||| Stepping ~*~*~tactically~*~*~ (hiding).
You start resting.
A kobold is nearby!
You hit the kobold.
You kill the kobold!
You have reached level 5!
Your magical nature develops, letting you fly swiftly and evasively.
You start resting.
An orc is nearby!
You barely miss the orc. Your kick misses the orc. The orc barely misses you.
You hit the orc.
The orc is heavily wounded.
The orc hits you with a +0 whip.
The hobgoblin hits you but does no damage.
You hit the orc but do no damage. Your kick misses the orc.
The orc is heavily wounded.
The orc completely misses you.
The hobgoblin hits you from afar with a +0 halberd!
You hit the orc. You claw the orc.
You kill the orc!
The hobgoblin completely misses you. The hobgoblin barely misses you.
Items here: %% ))).
You hit the hobgoblin but do no damage. Your kick misses the hobgoblin.
The hobgoblin hits you with a +0 halberd.
You hit the hobgoblin.
The hobgoblin is moderately wounded.
A kobold comes into view. It is wielding a +0 dagger.
The hobgoblin hits you with a +0 halberd!
You barely miss the hobgoblin.
The kobold shouts!
Your peck misses the hobgoblin.
The hobgoblin is moderately wounded.
The hobgoblin barely misses you.
You closely miss the hobgoblin.
The hobgoblin is moderately wounded.
The kobold throws a stone.
The stone hits you but does no damage.
The hobgoblin hits you with a +0 halberd.
You die...

#. #. . ..######### #.
.. ..........####. ...
.###...#...... ....
#...######.
..#..#########...# #.
.K....)g....##...# #.
###@....##...# #.
###.......#....### ##
###.............%..#
#...........#......#
#...........##........
###.........######..##
###...........# #.#
###...#####.. ...
...........# #.


You could see a hobgoblin and a kobold.

Vanquished Creatures
  An orc wizard (D:2)
  4 adders
  5 orcs
  5 ball pythons
  4 endoplasms
  A giant cockroach (D:1)
  3 goblins
  6 hobgoblins
  4 jackals (D:3)
  3 bats
  3 frilled lizards
  5 kobolds
  6 rats
50 creatures vanquished.

Notes
Turn   | Place    | Note
-------+----------+-------------------------------------------
     0 | D:1      | qw the Tengu Warper began the quest for the Orb.
     0 | D:1      | Reached XP level 1. HP: 12/12 MP: 4/4
     0 | D:1      | 0 ||| qw: Version: 0.1-a-89-g26bdef1
     0 | D:1      | 0 ||| qw: Game counter: 366
     0 | D:1      | 0 ||| qw: Always use a shield: true
     0 | D:1      | 0 ||| qw: God list: Okawaru
     0 | D:1      | 0 ||| qw: Allow faded altars: false
     0 | D:1      | 0 ||| qw: Do Orc after D:15 true
     0 | D:1      | 0 ||| qw: Do second Lair branch before Depths: true
     0 | D:1      | 0 ||| qw: Lair rune preference: random
     0 | D:1      | 0 ||| qw: Plans: Normal
     0 | D:1      | 0 ||| PLANNING D:1-11
   190 | D:1      | Reached XP level 2. HP: 17/17 MP: 6/6
   228 | D:1      | Reached skill level 3 in Axes
   474 | D:1      | Found a faded altar of an unknown god.
   869 | D:1      | Reached XP level 3. HP: 17/21 MP: 7/7
  1163 | D:1      | 1163 ||| UPGRADING to +0 plate armour.
  1173 | D:1      | 1173 ||| DROPPING +0 leather armour.
  1174 | D:1      | 1174 ||| READING scroll labelled ILAUKA ZAALE.
  1175 | D:1      | 1175 ||| READING scroll labelled CEPUTI PINOCWA.
  1176 | D:1      | 1176 ||| DROPPING scroll of blinking.
  1292 | D:2      | 1292 ||| Stepping ~*~*~tactically~*~*~ (hiding).
  1301 | D:2      | Reached skill level 4 in Axes
  1348 | D:2      | Reached XP level 4. HP: 26/26 MP: 8/8
  1348 | D:2      | 1348 ||| DROPPING -2 mace.
  1395 | D:2      | 1395 ||| Stepping ~*~*~tactically~*~*~ (stealth).
  1814 | D:2      | 1814 ||| FLEEEEING.
  2207 | D:2      | 2207 ||| READING scroll labelled MUFIUF JILO.
  2212 | D:2      | 2212 ||| READING scroll labelled QAADECR XOCKAJ.
  2212 | D:2      | Identified a scroll of acquirement
  2212 | D:2      | 2212 ||| ACQUIRING amulet of the acrobat
  2212 | D:2      | Acquired an amulet of the acrobat
  2214 | D:2      | 2214 ||| UPGRADING to amulet of the acrobat.
  2219 | D:2      | 2219 ||| READING scroll labelled VUSMYNNERUE.
  2220 | D:2      | 2220 ||| DRINKING 2 fuming orange potions.
  2258 | D:3      | 2258 ||| Stepping ~*~*~tactically~*~*~ (stealth).
  2284 | D:3      | Reached skill level 5 in Axes
  2454 | D:3      | 2454 ||| Stepping ~*~*~tactically~*~*~ (stealth).
  2460 | D:3      | 2460 ||| Stepping ~*~*~tactically~*~*~ (hiding).
  2463 | D:3      | Gained mutation: Your magical nature lets you fly swiftly
                  | and evasively. [Tengu growth]
  2463 | D:3      | Reached XP level 5. HP: 29/30 MP: 9/9
  2471 | D:3      | HP: 4/30 [hobgoblin/+0 halberd (9)]
  2473 | D:3      | Slain by a hobgoblin

Levels and vault maps discovered:
D:1:      minmay_arrival_cross, layout_basic, ebering_ecumenical_altar_rust
D:2:      layout_basic
D:3:      layout_rooms, serial_glass, glass_columns_b, glass_columns_a,
          minmay_misc_feat_x

Skill      XL: |  1  2  3  4 |
---------------+-------------+-----
Axes           | 3 4 5 |  5.2
Armour         | 2 |  2.0
Fighting       | |  2.0
Throwing       | |  1.0
Dodging        | |  2.1
Spellcasting   | |  2.0
Translocations | |  2.4

Action                   |  1- 3 |  4- 6 || total
-------------------------+-------+-------++-------
Melee: Hand axe          |    49 |    55 ||   104
       Kick              |     8 |    13 ||    21
       Peck              |     6 |     5 ||    11
       Punch             |     1 |       ||     1
Throw: Boomerang         |     7 |       ||     7
  Use: Scroll            |     2 |     3 ||     5
       Potion            |       |     1 ||     1
Armor: Leather armour    |     7 |       ||     7
       Plate armour      |     8 |    38 ||    46
Dodge: Dodged            |    15 |    18 ||    33

Table legend:
 A = Non-vault XP
 B = Vault XP
 C = Vault XP percentage of total XP
 D = Non-vault monster count
 E = Vault monster count
 F = Vault count percentage of total count
                 A         B        C        D         E       F
            +---------+---------+-------+---------+---------+-------
      Total |     168 |       0 |   0.0 |      50 |       0 |   0.0
            +---------+---------+-------+---------+---------+-------
        D:1 |      35 |       0 |   0.0 |      22 |       0 |   0.0
        D:2 |      83 |       0 |   0.0 |      15 |       0 |   0.0
        D:3 |      50 |       0 |   0.0 |      13 |       0 |   0.0
            +---------+---------+-------+---------+---------+-------
